 Dungeon Crawl Stone Soup version 0.24-a0-335-g06ca16a (webtiles) character file.

Game seed: 4274810144808163018

2580 mhoghedin the Thaumaturge (level 9, -8/59 HPs)
             Began as a Mummy Wizard on May 19, 2019.
             Killed by divine providence
             ... invoked by an orc priest
              (14 damage)
             ... on level 7 of the Dungeon.
             The game lasted 00:19:31 (8361 turns).

mhoghedin the Thaumaturge (Mummy Wizard)            Turns: 8361, Time: 00:19:33

Health: -8/59      AC:  7    Str:  7    XL:     9   Next: 32%
Magic:  14/21      EV: 10    Int: 21    God:
Gold:   399        SH:  0    Dex: 14    Spells: 8/25 levels left

rFire    x . .     SeeInvis .   i - +0 mace (protect)
rCold    + . .     Gourm    .   (no shield)
rNeg     + + +     Faith    .   f - +0 ring mail (curse)
rPois    ∞         Spirit   .   b - +0 hat
rElec    +         Reflect  .   (no cloak)
rCorr    .         Harm     .   (no gloves)
MR       ++++.     Rnd*Tele +   k - +1 pair of boots
Stlth    +.........             (no amulet)
HPRegen  0.19/turn              h - ring of wizardry {Wiz+, !d}
MPRegen  0.17/turn              p - ring "Xyzoulai" {*Tele rElec MR+++ Str-3 Dex+4}

@: no status effects
A: no food or potions, fire vulnerability, cold resistance 1, negative energy
resistance 3, torment resistance, unbreathing
a: no special abilities


You were on level 7 of the Dungeon.
You were not hungry.

You visited 2 branches of the dungeon, and saw 8 of its levels.

You collected 399 gold pieces.

Inventory:

Hand Weapons
 d - a +1 dagger of pain
   (You took it off an orc wizard on level 3 of the Dungeon)
 i - a +0 mace of protection (weapon)
   (You took it off an orc on level 3 of the Dungeon)
Armour
 b - a +0 hat (worn)
 f - a cursed +0 ring mail (worn)
   (You found it on level 4 of the Dungeon)
 k - a +1 pair of boots (worn)
   (You found it on level 4 of the Dungeon)
Magical Staves
 o - an uncursed staff of poison {rPois}
   (You found it on level 5 of the Dungeon)
Jewellery
 c - an uncursed ring of resist corrosion
   (You found it on level 6 of the Dungeon)
 h - a ring of wizardry (left hand) {Wiz+, !d}
   (You found it on level 3 of the Dungeon)
 p - the ring "Xyzoulai" (right hand) {*Tele rElec MR+++ Str-3 Dex+4}
   (You found it on level 6 of the Dungeon)

   [ring of teleportation]

   It may teleport you next to monsters.
   It affects your strength (-3).
   It affects your dexterity (+4).
   It insulates you from electricity.
   It affects your resistance to hostile enchantments.
Wands
 m - a wand of disintegration (11)
   (You found it on level 6 of the Dungeon)
 n - a wand of acid (2)
   (You found it on level 5 of the Dungeon)
Scrolls
 a - a scroll of enchant armour
 e - a scroll of enchant weapon
 g - a scroll of remove curse
 j - 3 scrolls of teleportation
 l - a scroll of fog


   Skills:
 - Level 1.2 Fighting
 - Level 0.9 Armour
 - Level 2.0 Dodging
 - Level 1.5 Stealth
 + Level 8.8 Spellcasting
 - Level 7.1 Conjurations
 - Level 0.2 Hexes
 - Level 0.7 Summonings
 - Level 0.7 Translocations
 - Level 5.0 Fire Magic


You had 8 spell levels left.
You knew the following spells:

 Your Spells              Type           Power        Failure   Level  Hunger
a - Magic Dart            Conj           ####         1%          1    N/A
b - Blink                 Tloc           N/A          12%         2    N/A
c - Call Imp              Summ           ##......     12%         2    N/A
d - Conjure Flame         Conj/Fire      ####....     2%          3    N/A
e - Sticky Flame          Conj/Fire      ####....     9%          4    N/A
s - Slow                  Hex            ##......     14%         2    N/A
x - Mephitic Cloud        Conj/Pois/Air  ###.....     12%         3    N/A

Your spell library contained the following spells:

 Spells                   Type           Power        Failure   Level  Hunger
 Flame Tongue             Conj/Fire      ####.        1%          1    N/A
 Throw Flame              Conj/Fire      ####..       1%          2    N/A
 Inner Flame              Hex/Fire       ###.....     11%         3    N/A
 Fireball                 Conj/Fire      ####......   22%         5    N/A

Dungeon Overview and Level Annotations

Branches:
Dungeon (7/15)             Temple (1/1) D:5

Altars:
Ashenzari
Cheibriados
Dithmenos
Elyvilon
Fedhas
Gozag
Hepliaklqana
Kikubaaqudgha
Makhleb
Nemelex Xobeh
Qazlal
Ru
Sif Muna
Uskayaw
Xom

Shops:
D:4 }   D:6 %


Innate Abilities, Weirdness & Mutations

You do not eat or drink.
Your flesh is vulnerable to fire.
You are immune to poison.
Your flesh is cold resistant. (rC+)
You are immune to negative energy. (rN+++)
You are immune to unholy pain and torment.
You can survive without breathing.


Message History

Aim: a yak The sticky flame hits the yak.
The yak is covered in liquid flames!
The yak burns!
The yak gores you!
You take 10 damage, and have 20/59 hp.
You now have 3/21 mp.
The yak burns!
The yak burns!
The yak burns!
The yak stops burning.
Aim: a yak (moderately wounded)
The sticky flame hits the yak.
The yak is covered in liquid flames!
The yak burns!
The yak gores you but does no damage.
You now have 0/21 mp.
The yak burns!
The yak gores you.
* * * LOW HITPOINT WARNING * * *
You take 5 damage, and have 16/59 hp.
The yak burns!
The yak stops burning.
Aim: a yak (heavily wounded)
The sticky flame hits the yak.
The yak is covered in liquid flames!
The yak burns!
You now have 0/21 mp.
The yak burns!
The yak burns!
The yak burns!
You kill the yak!
You start resting.
The orc warrior is too close now for your liking.
You regained 16 hp, and now have 37/59 hp.
You regained 15 mp, and now have 15/21 mp.
You start resting.
Health restored: 59; MP restored: 21
As you read the scroll labeled WAOQIB HYRUUS, it crumbles to dust.
You assume a fearsome visage.
Nothing appears to happen.
It was a scroll of fear.
There is an open door here.
You now have 387 gold pieces (gained 11).
You now have 399 gold pieces (gained 12).
There is an open door here.
Found a stone staircase leading down.
You see here a rapier.
Things that are here:
a +0 hand axe; a +0 animal skin You see here 12 stones.
You see here a hog skeleton.
There is an open door here.
Done exploring.
Done exploring.
Done exploring.
(D) Dungeon (T) Temple
Where to? (Enter - D:6 @ (x,y), ? - help)
There is an open door here.
The orc wizard shouts!
You hear a shout! x2
An orc comes into view. It is wielding a +0 hand axe.
The orc shouts!
An orc priest comes into view. It is wielding a +0 war axe.
The orc priest calls down the wrath of Beogh upon you.
Beogh smites you!
You take 12 damage, and have 47/59 hp.
MASSIVE DAMAGE!!
The orc wizard mumbles some strange words.
The orc wizard seems to speed up.
The floor.
Unknown command.
Unknown command.
Unknown command.
Unknown command.
Here: an orc wizard, wielding a +0 dagger and wearing a +0 robe (fast)
The floor.
Unknown command.
You feel slightly jumpy.
p - the ring "Xyzoulai" (right hand) {*Tele rElec MR+++ Str-3 Dex+4} Sorry, you're not good enough to have a special ability.
Aim: an orc warrior, wielding a +0 hand axe and wearing a +0 plate armour The sticky flame hits the orc warrior.
The orc warrior is covered in liquid flames!
The orc warrior burns!
The orc warrior hits you with a +0 hand axe!
You take 15 damage, and have 33/59 hp.
MASSIVE DAMAGE!!
You now have 17/21 mp.
The orc warrior burns!
The orc warrior burns!
The orc warrior burns!
The orc warrior stops burning.
The orc priest looks encouraged for a moment.
Aim: an orc warrior, wielding a +0 hand axe and wearing a +0 plate armour (heavily wounded)
The sticky flame hits the orc warrior but does no damage.
The orc warrior is covered in liquid flames!
The orc warrior burns!
The orc priest mumbles some strange prayers to Beogh against you.
Beogh smites you!
The orc wizard hits you with a +0 dagger.
The orc warrior hits you with a +0 hand axe!
* * * LOW HITPOINT WARNING * * *
You take 28 damage, and have 6/59 hp.
MASSIVE DAMAGE!!
You now have 14/21 mp.
The orc warrior burns!
The orc wizard casts a spell.
The orc wizard blinks!
The orc priest calls down the wrath of Beogh upon you.
Beogh smites you!
You die...

#....................
##÷.............###..
#.##..(........####.
#.##........#.......
#.#..#.........####.
#.#.#.......#..##...
#.(.....>.......#.##
#.÷.....#.........#
#..@.#...........###
#...................
#§oo#...............
#...#........>......
#..#...............#
##.#................
####o#................
#......#............##
#......##..........###


You could see an orc warrior (burning), an orc priest and an orc.

Vanquished Creatures
  A yak (D:7)
  3 hogs (D:7)
  A human (D:7)
  Edmund (D:4)
  An orc warrior (D:7)
  3 ogres
  A necrophage (D:5)
  A centaur (D:5)
  A bullfrog (D:6)
  A scorpion (D:4)
  5 wights
  A crimson imp (D:6)
  2 bullfrog zombies
  3 hounds
  2 orc priests
  4 orc wizards
  A bullfrog skeleton (D:6)
  A centaur skeleton (D:4)
  An iguana (D:7)
  7 worker ants
  7 adders
  4 gnolls (D:6)
  A howler monkey skeleton (D:7)
  An adder zombie (D:5)
  3 dart slugs
  5 leopard geckos
  13 orcs
  8 bats
  6 giant cockroaches
  9 hobgoblins
  7 jackals
  10 kobolds
  2 quokkas
  3 ball pythons
  A ball python skeleton (D:4)
  4 frilled lizards
  4 goblins
  A jackal skeleton (D:5)
  A leopard gecko skeleton (D:4)
  5 rats
136 creatures vanquished.

Vanquished Creatures (collateral kills)
  A black bear (D:3)
  A centaur (D:5)
  A scorpion (D:2)
  2 worker ants
  An iguana (D:5)
  An orc wizard (D:6)
  2 orcs
  A hobgoblin (D:1)
  2 jackals (D:1)
  A quokka (D:6)
  A kobold (D:1)
14 creatures vanquished.

Grand Total: 150 creatures vanquished

Notes
Turn   | Place    | Note
-------+----------+-------------------------------------------
     0 | D:1      | mhoghedin the Mummy Wizard began the quest for the Orb.
     0 | D:1      | Reached XP level 1. HP: 13/13 MP: 5/5
   275 | D:1      | Reached XP level 2. HP: 19/19 MP: 5/7
   404 | D:1      | Learned a level 2 spell: Blink
   407 | D:1      | Learned a level 2 spell: Call Imp
   410 | D:1      | Learned a level 2 spell: Slow
   482 | D:1      | Reached skill level 5 in Spellcasting
   938 | D:1      | Reached XP level 3. HP: 20/24 MP: 3/9
  1281 | D:2      | Learned a level 3 spell: Conjure Flame
  1285 | D:2      | Learned a level 3 spell: Mephitic Cloud
  1562 | D:2      | HP: 4/24 [hobgoblin/+0 club (8)]
  1826 | D:2      | Reached skill level 1 in Conjurations
  1952 | D:2      | Reached XP level 4. HP: 30/30 MP: 8/11
  2057 | D:2      | Reached skill level 2 in Conjurations
  2179 | D:2      | You fall through a shaft!
  2223 | D:3      | Found a stormy altar of Qazlal.
  2505 | D:3      | Reached XP level 5. HP: 22/35 MP: 3/13
  2786 | D:3      | Reached skill level 3 in Conjurations
  3344 | D:4      | Found Faic's Gadget Boutique.
  3389 | D:4      | Noticed a black bear
  3409 | D:4      | HP: 6/35 [worker ant (4)]
  3421 | D:3      | Reached skill level 4 in Conjurations
  3421 | D:3      | Reached XP level 6. HP: 9/41 MP: 5/14
  4543 | D:4      | Reached skill level 1 in Fighting
  4543 | D:4      | Reached skill level 2 in Dodging
  4543 | D:4      | Reached XP level 7. HP: 48/48 MP: 8/15
  4667 | D:4      | Learned a level 4 spell: Sticky Flame
  4727 | D:5      | Entered Level 5 of the Dungeon
  4727 | D:5      | Noticed Edmund
  4807 | D:4      | Killed Edmund
  4807 | D:4      | Reached skill level 5 in Conjurations
  4807 | D:4      | Reached skill level 1 in Fire Magic
  5339 | D:5      | Reached skill level 2 in Fire Magic
  5564 | D:5      | Found a sacrificial altar of Ru.
  5605 | D:5      | Found a staircase to the Ecumenical Temple.
  5856 | D:5      | Found a hide-covered altar of Uskayaw.
  5951 | Temple   | Entered the Ecumenical Temple
  5971 | D:6      | Found Nofuiker's Food Boutique.
  6063 | D:5      | Reached skill level 3 in Fire Magic
  6063 | D:5      | Reached XP level 8. HP: 35/54 MP: 1/16
  6208 | D:6      | Reached skill level 6 in Conjurations
  6885 | D:6      | Got a translucent turquoise ring
  6916 | D:6      | Identified the ring "Xyzoulai" {*Tele rElec MR+++ Str-3
                  | Dex+4} (You found it on level 6 of the Dungeon)
  7070 | D:7      | Reached skill level 4 in Fire Magic
  7526 | D:7      | Reached skill level 7 in Conjurations
  7824 | D:7      | Reached skill level 5 in Fire Magic
  7842 | D:7      | Reached skill level 6 in Spellcasting
  7965 | D:7      | Reached XP level 9. HP: 47/59 MP: 14/19
  7972 | D:7      | Reached skill level 7 in Spellcasting
  7992 | D:7      | Reached skill level 8 in Spellcasting
  8360 | D:7      | HP: 6/59 [orc warrior/+0 hand axe (13)]
  8361 | D:7      | Killed from afar by an orc priest

Levels and vault maps discovered:
D:1:      evilmike_arrival_crescent, layout_loops_cross
D:2:      layout_basic, vehumet_crystals, columned_hall_lemuel, uniq_natasha,
          uniq_robin
D:3:      layout_basic, grunt_qazlal_sundering, first_ration,
          kennysheep_generic_room_5
D:4:      layout_basic, serial_shops, nicolae_shop_competitors_out_of_business,
          chequers_avenue, minmay_misc_feat_encased
D:5:      layout_basic, hangedman_ru_absence, lemuel_coloured_pillars_altar,
          temple_statues, dk_noncrumbling_3, chequers_serial_rivers_marsh,
          uniq_edmund
D:6:      layout_rooms, serial_shops, shop
D:7:      layout_rooms, grunt_livestock, zaba_anthole, minivault_1
Temple:   nicolae_temple_no_exploring_needed

Skill      XL: |  1  2  3  4  5  6  7  8  9 |
---------------+----------------------------+-----
Spellcasting   | 5 6 8 |  8.8
Conjurations   | 1 2 4 5 7 |  7.1
Fighting       | 1 |  1.2
Dodging        | 2 |  2.0
Fire Magic     | 3 5 |  5.0
Armour         | |  0.9
Stealth        | |  1.5
Hexes          | |  0.2
Summonings     | |  0.7
Translocations | |  0.7

Action                   |  1- 3 |  4- 6 |  7- 9 || total
-------------------------+-------+-------+-------++-------
Melee: Club              |    25 |     7 |       ||    32
       Mace              |       |   115 |   138 ||   253
 Cast: Magic Dart        |   119 |    19 |     2 ||   140
       Call Imp          |     1 |    11 |    21 ||    33
       Mephitic Cloud    |       |    11 |    10 ||    21
       Blink             |       |     3 |     2 ||     5
       Conjure Flame     |       |     2 |     1 ||     3
       Sticky Flame      |       |       |    38 ||    38
       Slow              |       |       |     2 ||     2
Evoke: Wand              |       |       |     9 ||     9
  Use: Scroll            |       |     7 |     3 ||    10
 Stab: Sleeping          |       |     2 |       ||     2
       Confused          |       |     3 |     4 ||     7
Armor: Robe              |    18 |    33 |       ||    51
       Ring mail         |       |    18 |   113 ||   131
Dodge: Dodged            |    53 |    98 |   127 ||   278

Table legend:
 A = Non-vault XP
 B = Vault XP
 C = Vault XP percentage of total XP
 D = Non-vault monster count
 E = Vault monster count
 F = Vault count percentage of total count
                 A         B        C        D         E       F
            +---------+---------+-------+---------+---------+-------
      Total |    2432 |    1255 |  34.0 |     137 |      13 |   8.7
            +---------+---------+-------+---------+---------+-------
        D:1 |      50 |       0 |   0.0 |      31 |       0 |   0.0
        D:2 |      92 |       2 |   2.1 |      15 |       1 |   6.2
        D:3 |     293 |       2 |   0.7 |      27 |       1 |   3.6
        D:4 |     440 |     146 |  24.9 |      15 |       1 |   6.2
        D:5 |     412 |       0 |   0.0 |      13 |       0 |   0.0
        D:6 |     495 |       0 |   0.0 |      18 |       0 |   0.0
        D:7 |     650 |    1105 |  63.0 |      18 |      10 |  35.7
            +---------+---------+-------+---------+---------+-------

Levels and vault maps discovered:
D:1:      evilmike_arrival_crescent, layout_loops_cross
D:2:      layout_basic, vehumet_crystals, columned_hall_lemuel, uniq_natasha,
          uniq_robin
D:3:      layout_basic, grunt_qazlal_sundering, first_ration,
          kennysheep_generic_room_5
D:4:      layout_basic, serial_shops, nicolae_shop_competitors_out_of_business,
          chequers_avenue, minmay_misc_feat_encased
D:5:      layout_basic, hangedman_ru_absence, lemuel_coloured_pillars_altar,
          temple_statues, dk_noncrumbling_3, chequers_serial_rivers_marsh,
          uniq_edmund
D:6:      layout_rooms, serial_shops, shop
D:7:      layout_rooms, grunt_livestock, zaba_anthole, minivault_1
Temple:   nicolae_temple_no_exploring_needed

Table legend:
 A = Turns spent in this place as a percentage of turns spent in the entire game.
 B = Non-inter-level travel turns spent in this place as a percentage of non-inter-level travel turns spent in the entire game.
 C = Inter-level travel turns spent in this place as a percentage of turns spent in this place.
 D = Turns resting spent in this place as a percentage of non-inter-level travel turns spent in this place.
 E = Turns spent auto-exploring this place as a percentage of non-inter-level travel turns spent in this place.
 F = Non-inter-level travel turns spent in this place divided by the number of levels of this place that you've seen.
                   A       B       C       D       E      F
               +-------+-------+-------+-------+-------+----------------------
         Total | 100.0 | 100.0 |   3.6 |  42.5 |  38.5 | 1007.5
       Dungeon | 100.0 | 100.0 |   3.6 |  42.5 |  38.5 | 1151.4
        Temple |   0.0 |   0.0 | 100.0 |   N/A |   N/A |   0.0
               +-------+-------+-------+-------+-------+----------------------

Table legend:
 A = Kills in this place as a percentage of kills in entire the game.
 B = Kills by you in this place as a percentage of kills by you in the entire game.
 C = Kills by friends in this place as a percentage of kills by friends in the entire game.
 D = Other kills in this place as a percentage of other kills in the entire game.
 E = Experience gained in this place as a percentage of experience gained in the entire game.
 F = Experience gained in this place divided by the number of levels of this place that you have seen.
                   A       B       C       D       E      F
               +-------+-------+-------+-------+-------+----------------------
         Total | 100.0 | 100.0 | 100.0 | 100.0 | 100.0 | 460.9
       Dungeon | 100.0 | 100.0 | 100.0 | 100.0 | 100.0 | 526.7
               +-------+-------+-------+-------+-------+----------------------
